 Dungeon Crawl Stone Soup version 0.29.0-13-gc9e81de378 (webtiles) character file.

Game seed: 10783761771984829523

33170 Armakuni the Demon Slayer (level 14, -6/110 HPs)
             Began as a Human Wanderer on Sept 11, 2022.
             Was a High Priest of the Shining One.
             Mangled by a death yak (13 damage)
             ... on level 4 of the Lair of Beasts.
             The game lasted 00:28:03 (14236 turns).

Armakuni the Demon Slayer (Human Wanderer)         Turns: 14236, Time: 00:28:03

Health: -6/110     AC: 17    Str: 23    XL:     14   Next: 6%
Magic:  24/24      EV: 10    Int:  9    God:    the Shining One [*****.]
Gold:   956        SH:  0    Dex: 16    Spells: 13/13 levels left

rFire   + . .      SeeInvis .   a - +8 battleaxe of Fedhas, Mashing {venom, rElec rC+ Str+3 Dex+2}
rCold   + . .      Faith    .   (shield currently unavailable)
rNeg    + + .      Spirit   .   I - +1 chain mail {rPois}
rPois   +          Reflect  .   E - +2 helmet
rElec   +          Harm     .   l - +0 cloak
rCorr   +          Rampage  .   q - +0 pair of gloves
Will    +....                   n - +0 pair of boots
Stlth   ..........              R - amulet of regeneration
HPRegen 1.08/turn               K - ring of resist corrosion
MPRegen 0.19/turn               F - ring of protection from fire

@: glowing
A: no striking features
a: Renounce Religion, Divine Shield, Cleansing Flame, Summon Divine Warrior


You were on level 4 of the Lair of Beasts.
You worshipped the Shining One.
The Shining One was extremely pleased with you.
You visited 3 branches of the dungeon, and saw 16 of its levels.
You also visited: Bailey.

You collected 980 gold pieces.
You spent 24 gold pieces at shops.

Inventory:

Hand Weapons
 a - the +8 battleaxe of Fedhas, Mashing (weapon) {venom, rElec rC+ Str+3 Dex+2}
   (You found it in a bailey)

   It poisons the flesh of those it strikes.
   Str:       It affects your strength (+3).
   Dex:       It affects your dexterity (+2).
   rC:        It protects you from cold.
   rElec:     It insulates you from electricity.
 b - a +3 antimagic executioner's axe
 G - a +1 demon whip of venom
Missiles
 s - 21 poisoned darts (quivered)
 x - 6 boomerangs
 Q - 4 javelins
Armour
 l - a +0 cloak (worn)
 n - a +0 pair of boots (worn)
 q - a +0 pair of gloves (worn)
 E - a +2 helmet (worn)
 I - a +1 chain mail of poison resistance (worn)
Jewellery
 F - a ring of protection from fire (right hand)
 J - a ring of protection from cold
 K - a ring of resist corrosion (left hand)
 L - a ring of flight
 R - an amulet of regeneration (around neck)
 U - an amulet of faith
Wands
 h - a wand of polymorph (13)
 j - a wand of iceblast (17)
 k - a wand of digging (7)
 p - a wand of paralysis (13)
 v - a wand of flame (3)
 B - a wand of mindburst (3)
Scrolls
 d - 5 scrolls of teleportation
 e - 3 scrolls of butterflies
 u - 2 scrolls of summoning
 w - 4 scrolls of immolation
 y - 2 scrolls of fear
 A - a scroll of noise
 P - 3 scrolls of amnesia
 S - 2 scrolls of identify
 T - 2 scrolls of vulnerability
 X - a scroll of silence
Potions
 c - 3 potions of magic
 f - 2 potions of cancellation
 g - 4 potions of curing
 i - a potion of heal wounds {unknown}
 m - a potion of ambrosia {unknown}
 o - 2 potions of flight
 r - 2 potions of haste {unknown}
 t - 4 potions of might
 z - a potion of resistance {unknown}
 C - 3 potions of attraction {unknown}
 D - 2 potions of mutation
 M - 4 potions of berserk rage {unknown}
 N - 2 potions of invisibility {unknown}
 O - a potion of brilliance
Miscellaneous
 H - a box of beasts


   Skills:
 - Level 10.0 Fighting
 - Level 14.1(14.3) Axes
 - Level 3.7(9.9) Maces & Flails
 - Level 5.0 Armour
 - Level 5.0 Dodging
 - Level 1.0 Stealth
 + Level 14.6 Invocations
 - Level 5.0 Evocations


You had 13 spell levels left.
You didn't know any spells.
Your spell library contained the following spells:

 Spells                   Type           Power      Damage    Failure   Level
 Foxfire                  Conj/Fire      0%         2x1d4     96%         1
 Freeze                   Ice            0%         1d3       96%         1
 Slow                     Hex            0%         N/A       96%         1
 Sting                    Tmut/Pois      0%         1d3       96%         1
 Ensorcelled Hibernation  Hex/Ice        0%         N/A       99%         2
 Passwall                 Tmut/Erth      0%         N/A       99%         2
 Poisonous Vapours        Pois/Air       0%         N/A       99%         2
 Sublimation of Blood     Necr           0%         N/A       99%         2
 Wereblood                Tmut           0%         N/A       99%         2
 Confusing Touch          Hex            0%         N/A       100%        3
 Conjure Flame            Conj/Fire      0%         6-21      100%        3
 Frozen Ramparts          Ice            0%         1d1       100%        3
 Inner Flame              Hex/Fire       0%         N/A       100%        3
 Portal Projectile        Hex/Tloc       0%         N/A       100%        3
 Spider Form              Tmut/Pois      0%         N/A       100%        3
 Swiftness                Air            0%         N/A       100%        3
 Tukima's Dance           Hex            0%         N/A       100%        3
 Vampiric Draining        Necr           0%         2d6       100%        3
 Airstrike                Air            0%         2d(0-16)  100%        4
 Anguish                  Hex/Necr       0%         N/A       100%        4
 Flame Wave               Conj/Fire      0%         2d4       100%        4
 Fulminant Prism          Conj/Hex       0%         3d6       100%        4
 Hailstorm                Conj/Ice       0%         3d3       100%        4
 Ice Form                 Ice/Tmut       0%         N/A       100%        4
 Iskenderun's Mystic Bla  Conj/Tloc      0%         2d3       100%        4
 Olgreb's Toxic Radiance  Pois           0%         N/A       100%        4
 Summon Ice Beast         Ice/Summ       0%         N/A       100%        4
 Summon Lightning Spire   Summ/Air       0%         N/A       100%        4
 Blade Hands              Tmut           0%         N/A       100%        5
 Lee's Rapid Deconstruct  Erth           0%         3d5*      100%        5
 Lightning Bolt           Conj/Air       0%         1d11      100%        5
 Summon Hydra             Summ           0%         N/A       100%        7


Dungeon Overview and Level Annotations

Branches:
Dungeon (10/15)            Temple (1/1) D:5            Lair (5/5) D:10
  Swamp (0/4) Lair:2        Snake (0/4) Lair:3        Slime (0/5) Lair:4
    Orc (0/2) D:9          Bailey (visited)

Altars:
Ashenzari
Cheibriados
Dithmenos
Elyvilon
Fedhas
Gozag
Hepliaklqana
Kikubaaqudgha
Makhleb
Nemelex Xobeh
Okawaru
Qazlal
Sif Muna
Trog
Uskayaw
Vehumet
Xom
Yredelemnul
Zin
The Shining One
Jiyva

Shops:
D:1 *   D:3 (


Message History

The death yak is lightly wounded.
You hit the death yak but do no damage.
The death yak gores you but does no damage.
The death yak gores you!!
You hit the death yak.
The death yak is moderately wounded.
You hit the death yak.
The death yak is poisoned.
The death yak gores you!! The death yak gores you!
* * * LOW HITPOINT WARNING * * *
You are too injured to fight recklessly!
You slice the death yak!!
The death yak looks as sick as possible!
The death yak is moderately wounded.
You hit the death yak.
The death yak looks as sick as possible!
The death yak gores you.
* * * LOW HITPOINT WARNING * * *
The death yak gores you but does no damage.
You slash the death yak!
The death yak looks as sick as possible!
The death yak is heavily wounded.
You hit the death yak.
The death yak looks as sick as possible!
The death yak gores you!!
* * * LOW HITPOINT WARNING * * *
The death yak misses you.
You slice the death yak!!
The death yak looks as sick as possible!
The death yak is severely wounded.
You hit the death yak.
The death yak looks as sick as possible!
The death yak gores you but does no damage. x2
You hit the death yak.
The death yak is almost dead.
You hit the death yak.
The death yak looks as sick as possible!
The death yak gores you.
* * * LOW HITPOINT WARNING * * *
The death yak gores you!
You die...

#...................##..#^#
##............####.##..####
#..(.........## #..####
#......>......# #.#.#
##......†....## ##...#
#P.......P....###.#..#
##....##..#...#.######
####..#####...## ####
#Y@Y## ##...## #.###.# ###
###


You could see 2 death yaks.

Vanquished Creatures
  2 two-headed ogres (D:8)
  4 death yaks (Lair:4)
  Amaemon (Lair:3)
  A bog body (Lair:2)
  A lindwurm (Lair:4)
  4 oklob plants (Lair:4)
  8 elephants (Lair:4)
  4 black mambas
  An orange demon (Lair:3)
  2 gargoyles
  Joseph (D:7)
  7 cane toads
  Maggie (D:6)
  11 komodo dragons
  A rime drake (Lair:4)
  4 polar bears (Lair:2)
  Grinder (D:3)
  A hornet (D:9)
  13 blink frogs
  3 dream sheep (Lair:3)
  2 vampires
  3 wyverns
  26 yaks
  2 basilisks
  A steam dragon (D:6)
  Menkaure (D:4)
  2 acid dragons
  5 water moccasins
  4 orc warriors
  4 sky beasts
  11 black bears
  3 centaurs
  A phantom (D:4)
  A kobold brigand (D:10)
  2 gnoll sergeants (D:6)
  12 bullfrogs
  A necrophage (D:6)
  A scorpion (D:6)
  5 wights (D:9)
  4 killer bees (D:9)
  5 wolf zombies (Bailey)
  8 vampire bats (Bailey)
  2 electric eels (Lair:3)
  4 jellies
  A gnoll bouda (D:7)
  Crazy Yiuf (D:7)
  2 hounds
  7 orc priests
  7 orc wizards
  Terence (D:3)
  5 iguanas
  2 hell rats (Lair:2)
  Ijyb (D:4)
  Robin (D:2)
  13 gnolls
  10 adders
  7 river rats (Lair:2)
  3 shadow imps
  A white imp (D:7)
  An ufetubus (D:5)
  3 worms (D:2)
  A dart slug (D:1)
  48 orcs
  6 endoplasms
  7 giant cockroaches
  16 goblins
  7 hobgoblins
  2 jackals (D:1)
  10 kobolds
  3 quokkas
  6 ball pythons
  2 bats (D:2)
  3 frilled lizards
  21 orc zombies (Bailey)
  7 rats
386 creatures vanquished.

Vanquished Creatures (collateral kills)
  A dream sheep (Lair:3)
  A basilisk (Lair:3)
  A wyvern (Lair:3)
  3 nagas (Lair:3)
  A water moccasin (Lair:3)
  A bullfrog (Lair:3)
8 creatures vanquished.

Vanquished Creatures (others)
  An orc (D:8)
  5 fungi
  20 plants
26 creatures vanquished.

Grand Total: 420 creatures vanquished

Notes
Turn   | Place    | Note
-------+----------+-------------------------------------------
     0 | D:1      | Armakuni the Human Wanderer began the quest for the Orb.
     0 | D:1      | Armakuni set off with the following items: a +0 club, a
                  | scroll of butterflies, a scroll of silence, a potion of
                  | lignification, a +0 chain mail.
     0 | D:1      | Reached XP level 1. HP: 18/18 MP: 1/1
   202 | D:1      | Reached skill level 1 in Maces & Flails
   241 | D:1      | Reached XP level 2. HP: 24/24 MP: 2/2
   562 | D:1      | Reached XP level 3. HP: 22/29 MP: 3/3
   813 | D:1      | Found Exyagol's General Store.
   817 | D:1      | Bought a scroll of identify for 24 gold pieces
  1011 | D:1      | Found a faded altar of an unknown god.
  1043 | D:2      | Noticed Robin
  1333 | D:2      | Killed Robin
  1509 | D:2      | Reached XP level 4. HP: 28/35 MP: 4/4
  1845 | D:2      | Identified a scroll of acquirement
  1845 | D:2      | Acquired a +2 antimagic executioner's axe
  2594 | D:2      | Reached skill level 1 in Axes
  3123 | D:2      | Reached XP level 5. HP: 36/41 MP: 5/5
  3255 | D:3      | Noticed Grinder
  3262 | D:3      | Paralysed by Grinder for 3 turns
  3287 | D:3      | Killed Grinder
  3288 | D:3      | Reached XP level 6. HP: 20/47 MP: 2/6
  3544 | D:3      | Noticed Terence
  3551 | D:3      | Killed Terence
  3923 | D:3      | Found Qaurex's Weapon Emporium.
  4049 | D:3      | Found a hide-covered altar of Uskayaw.
  4075 | D:3      | Found a radiant altar of Vehumet.
  4164 | D:4      | Reached skill level 5 in Axes
  4352 | D:4      | Reached XP level 7. HP: 52/52 MP: 2/7
  4524 | D:4      | Noticed Ijyb
  4525 | D:4      | Noticed a water moccasin
  4530 | D:4      | Killed Ijyb
  4537 | D:4      | Killed a water moccasin
  4829 | D:4      | Noticed Menkaure
  4833 | D:4      | Killed Menkaure
  4834 | D:4      | Reached skill level 1 in Evocations
  4834 | D:4      | Reached XP level 8. HP: 48/58 MP: 1/8
  5232 | D:5      | Entered Level 5 of the Dungeon
  5471 | D:5      | Found a staircase to the Ecumenical Temple.
  5521 | Temple   | Entered the Ecumenical Temple
  5554 | Temple   | Became a worshipper of the Shining One
  6552 | D:6      | Reached XP level 9. HP: 60/63 MP: 4/9
  6555 | D:6      | Reached skill level 5 in Evocations
  6924 | D:6      | Acquired an amulet of regeneration
  7802 | D:7      | Noticed Joseph
  7841 | D:7      | Reached skill level 10 in Axes
  7850 | D:7      | Killed Joseph
  8026 | D:7      | Found a snail-covered altar of Cheibriados.
  8142 | D:7      | Reached XP level 10. HP: 68/70 MP: 6/10
  8211 | D:7      | Noticed Maggie
  8223 | D:6      | Killed Maggie
  8434 | D:7      | Reached * piety under the Shining One
  8554 | D:7      | Found a runed translucent door.
  8555 | D:7      | Noticed Crazy Yiuf
  8561 | D:7      | Killed Crazy Yiuf
  8815 | D:8      | Noticed a two-headed ogre
  8817 | D:8      | Noticed a two-headed ogre
  8821 | D:8      | Killed a two-headed ogre
  8827 | D:8      | Killed a two-headed ogre
  9414 | D:9      | Reached XP level 11. HP: 73/77 MP: 6/11
  9450 | D:9      | Found a flagged portal.
  9456 | D:9      | Reached skill level 5 in Fighting
  9479 | D:9      | Reached skill level 5 in Dodging
  9484 | Bailey   | Entered a bailey
  9524 | Bailey   | Reached ** piety under the Shining One
  9571 | Bailey   | Reached skill level 1 in Invocations
  9638 | Bailey   | Reached *** piety under the Shining One
  9660 | Bailey   | Found the +4 robe of Augmentation {Str+4 Int+4 Dex+4}
  9666 | Bailey   | Identified the +8 battleaxe of Fedhas, Mashing {venom,
                  | rElec rC+ Str+3 Dex+2}
  9759 | Bailey   | Reached **** piety under the Shining One
 10022 | D:9      | Found a staircase to the Orcish Mines.
 10572 | D:10     | Entered Level 10 of the Dungeon
 10732 | D:10     | Found a glowing silver altar of Zin.
 10978 | D:10     | Found a staircase to the Lair.
 11023 | Lair:1   | Entered Level 1 of the Lair of Beasts
 11079 | Lair:1   | Reached skill level 5 in Invocations
 11079 | Lair:1   | Reached XP level 12. HP: 42/89 MP: 15/15
 11138 | Lair:1   | Found a bloodstained altar of Trog.
 11660 | Lair:2   | Reached ***** piety under the Shining One
 11667 | Lair:2   | Found a staircase to the Swamp.
 12733 | Lair:3   | Found a staircase to the Snake Pit.
 12743 | Lair:3   | Reached XP level 13. HP: 92/102 MP: 19/19
 12902 | Lair:3   | Noticed Amaemon
 12916 | Lair:3   | Killed Amaemon
 12917 | Lair:3   | Reached skill level 10 in Fighting
 13139 | Lair:4   | Reached skill level 10 in Invocations
 13741 | Lair:4   | Found a viscous altar of Jiyva.
 13743 | Lair:4   | Found a staircase to the Slime Pits.
 14090 | Lair:5   | Entered Level 5 of the Lair of Beasts
 14113 | Lair:4   | Reached XP level 14. HP: 53/110 MP: 24/24
 14236 | Lair:4   | Mangled by a death yak

Illustrated notes

Levels and vault maps discovered:
D:1:      eino_arrival_druids_welcome, layout_basic, serial_shops, shop,
          shapermc_ecumenical_altar_mp_vishouse,
          nicolae_concentric_dashed_squares_wild, serial_bayou_pond_c,
          serial_bayou_ford_a, minmay_pentomino_u2
D:2:      layout_basic, chequers_serial_rivers_large_a, minmay_ruptured,
          uniq_robin
D:3:      layout_rooms, minitemple, serial_shops, shop, uniq_terence,
          uniq_grinder
D:4:      layout_loops_ring, uniq_menkaure, uniq_ijyb
D:5:      layout_loops_corners, minmay_temple_entry_mist, gup_sewer_entry_glass
D:6:      kennysheep_spiral_hall, layout_gridville, supply_closet_lemuel,
          minivault_22
D:7:      layout_loops_ring, mainiacjoe_overflow_tiny_flanked,
          lemuel_old_faithful, uniq_joseph, uniq_crazy_yiuf_cottage, uniq_maggie
D:8:      layout_basic
D:9:      layout_basic, hiddenorc2_lemuel, enter_bailey_5
D:10:     layout_irregular_city, nicolae_overflow_hidden_temple,
          david_lair_shrubbed
Temple:   nicolae_temple_superstar
Lair:1:   layout_hall_layers, basic_altar, beast_lair_carwin_3,
          lemuel_fruit_tree
Lair:2:   beast_lair_carwin_large_1, layout_long_grid,
          skrybe_swamp_entry_bodies, st_stairs_6, kennysheep_rathole
Lair:3:   layout_cave_shapes, minmay_snake_entry_guardpost_small,
          nicolae_quartered_pool_super, uniq_amaemon
Lair:4:   layout_layer_cave, minmay_slime_entry_oklob_enclosed, minivault_26
Lair:5:   gammafunk_lair_ancient_temple, layout_hall_layers,
          nicolae_lair_lindhole

Skill      XL: |  1  2  3  4  5  6  7  8  9 10 11 12 13 |
---------------+----------------------------------------+-----
Maces & Flails | 1 2 3 |  3.7
Axes           | 1 4 5 6 8 11 13 14 | 14.1
Evocations     | 1 4 5 |  5.0
Dodging        | 3 5 |  5.0
Fighting       | 4 6 9 10 | 10.0
Invocations    | 5 9 14 | 14.6
Armour         | |  5.0
Stealth        | |  1.0

Action                   |  1- 3 |  4- 6 |  7- 9 | 10-12 | 13-15 || total
-------------------------+-------+-------+-------+-------+-------++-------
Melee: Mace              |   119 |   102 |       |       |       ||   221
       Club              |     1 |       |       |       |       ||     1
       Punch             |     1 |     1 |       |       |       ||     2
       Executioner's axe |       |    71 |   179 |   137 |       ||   387
       Dire flail        |       |       |    25 |       |       ||    25
       Battleaxe         |       |       |       |   222 |    91 ||   313
Evoke: Wand              |       |       |       |    15 |     5 ||    20
  Use: Potion            |     5 |     1 |     3 |       |       ||     9
       Scroll            |     3 |     4 |     6 |     7 |     5 ||    25
 Stab: Sleeping          |       |     1 |       |       |       ||     1
Armor: Chain mail        |    69 |       |       |   100 |    74 ||   243
       Skin              |    45 |    25 |       |       |       ||    70
       Animal skin       |       |    32 |       |       |       ||    32
       Scale mail        |       |    52 |    77 |       |       ||   129
       Steam dragon scal |       |       |    55 |       |       ||    55
       Acid dragon scale |       |       |       |    74 |       ||    74
Dodge: Dodged            |    59 |    95 |   158 |   202 |    48 ||   562
